 Dungeon Crawl Stone Soup version 0.21-a0-529-g8c7b3f5 (webtiles) character file.

695 Amnesiac the Chucker (level 7, -1/72 HPs)
             Began as an Ogre Arcane Marksman on Dec 11, 2017.
             Was a Follower of Okawaru.
             Slain by an ice beast (5 damage)
             ... on level 5 of the Dungeon.
             The game lasted 00:14:59 (7007 turns).

Amnesiac the Chucker (Ogre Arcane Marksman)         Turns: 7007, Time: 00:15:00

Health: -1/72      AC:  3    Str: 15    XL:     7   Next: 64%
Magic:  10/11      EV: 11    Int: 15    God:    Okawaru [*.....]
Gold:   249        SH:  0    Dex: 10    Spells: 4/11 levels left

rFire    . . .     SeeInvis .   a - +0 blowgun
rCold    . . .     Gourm    .   (no shield)
rNeg     . . .     Faith    .   o - +0 robe
rPois    .         Spirit   .   (helmet restricted)
rElec    .         Reflect  .   (no cloak)
rCorr    .         Harm     .   (gloves unavailable)
MR       .....                  (boots unavailable)
Stlth    +.........             (no amulet)
HPRegen  0.22/turn              (no ring)
MPRegen  0.12/turn              (no ring)

@: no status effects
A: large, unfitting armour, tough skin 1
a: Heroism, Renounce Religion


You were on level 5 of the Dungeon.
You worshipped Okawaru.
Okawaru was aware of your devotion.
You were hungry.

You visited 1 branch of the dungeon, and saw 5 of its levels.
You also visited: Sewer.

You collected 249 gold pieces.

Inventory:

Hand Weapons
 a - a +0 blowgun (weapon)
 b - a +2 dagger of venom
 h - a +0 whip
 u - a +0 hunting sling
Missiles
 m - 2 tomahawks
 n - 40 sling bullets
 w - 4 needles of confusion (quivered)
 y - 47 poisoned needles
 D - a stone
Armour
 o - a +0 robe (worn)
Jewellery
 E - an uncursed ring of positive energy {unknown}
 I - a cursed amulet of inaccuracy {unknown}
Wands
 t - a wand of disintegration (9)
 F - a wand of iceblast (8)
 K - a wand of acid (4)
Scrolls
 d - a scroll of enchant weapon {!r, unknown}
 i - 4 scrolls of teleportation {!r}
 k - a scroll of immolation {!r, unknown}
 p - a scroll of amnesia {!r, unknown}
 r - a scroll of remove curse {!r}
 A - a scroll of magic mapping {!r, unknown}
 H - a scroll of identify {!r}
Potions
 e - 2 potions of degeneration {!q, unknown}
 j - 2 potions of mutation {!q, unknown}
 x - a potion of heal wounds {!q, unknown}
 z - a potion of brilliance {!q}
 B - 3 potions of magic {!q}
 C - 2 potions of haste {!q}
 G - a potion of cancellation {!q, unknown}
Books
 c - a book of Debilitation

   Spells                             Type                      Level
   a - Corona                         Hexes                        1
   b - Slow                           Hexes                        2
   c - Inner Flame                    Hexes/Fire                   3
   d - Portal Projectile              Hexes/Translocation          3
   e - Cause Fear                     Hexes                        4
   f - Leda's Liquefaction            Hexes/Earth                  4
 q - a book of Misfortune

   Spells                             Type                      Level
   a - Confusing Touch                Hexes                        1
   b - Confuse                        Hexes                        3
   c - Gell's Gravitas                Translocation                3
   d - Petrify                        Transmutation/Earth          4
   e - Metabolic Englaciation         Hexes/Ice                    5
   f - Yara's Violent Unravelling     Hexes/Transmutation          5
Comestibles
 f - 3 bread rations
 g - 3 royal jellies
 s - 2 meat rations


   Skills:
 + Level 5.1 Fighting
 * Level 5.8 Throwing
 + Level 3.5 Dodging
 + Level 2.8 Spellcasting
 - Level 3.0 Hexes


You had 4 spell levels left.
You knew the following spells:

 Your Spells              Type           Power        Failure   Level  Hunger
a - Corona                Hex            ##.....      6%          1    #......
b - Portal Projectile     Hex/Tloc       #.....       32%         3    ###....
e - Confuse               Hex            ##......     19%         3    ###....


Dungeon Overview and Level Annotations

Branches:
Dungeon (5/15)
 Temple: D:4-7

Altars:
Ashenzari
Cheibriados
Kikubaaqudgha
Okawaru
Uskayaw
Vehumet
Wu Jian


Innate Abilities, Weirdness & Mutations

You are too large for most types of armour.
You have tough skin. (AC +1)


Message History

Things that are here:
an uncursed shortbow; 11 arrows You see here an arrow.
You see here a large rock {!f}.
v - a large rock {!f} The ice beast hits you.
* * * LOW HITPOINT WARNING * * *
The ice beast freezes you!
* * * LOW HITPOINT WARNING * * *
There is a stone staircase leading up here.
There is a stone staircase leading up here.
There is a stone staircase leading up here.
There is a stone staircase leading up here.
A scorpion comes into view.
You are feeling hungry.
Throwing (i - inventory. (,) - cycle):
v - a large rock (quivered)
{!f}
Press: ? - help, Shift-Dir - straight line, f/p - ice beast
Aim: an ice beast (moderately wounded) Really fire
v - a large rock {!f}?
Casting: Corona
Confirm with . or Enter, or press ? or * to list all spells.
Aiming: Corona
Press: ? - help, Shift-Dir - straight line, f/p - ice beast
Aim: an ice beast (moderately wounded, chance to defeat MR: 47%)
The ice beast is outlined in light.
The ice beast hits you.
* * * LOW HITPOINT WARNING * * *
The ice beast freezes you!
* * * LOW HITPOINT WARNING * * *
Throwing (i - inventory. (,) - cycle):
v - a large rock (quivered)
{!f}
Press: ? - help, Shift-Dir - straight line, f/p - ice beast
Aim: an ice beast (moderately wounded, softly glowing) Really fire
v - a large rock {!f}?
You throw a large rock {!f}. The large rock {!f} hits the ice beast!
The ice beast is heavily wounded.
The ice beast hits you but does no damage. x2
Your +2 dagger of venom stops dripping with poison.
a - a +0 blowgun (weapon)
Firing (i - inventory. (,) - cycle):
y - 47 poisoned needles (quivered)
Press: ? - help, Shift-Dir - straight line, f/p - ice beast
Aim: an ice beast (heavily wounded, softly glowing)
Okay, then.
Quiver which item? (- for none, * to show all) (? for menu, Esc to quit)
Quivering
w - 6 needles of confusion for blowguns.
Firing (i - inventory. (,) - cycle):
w - 6 needles of confusion (quivered)
Press: ? - help, Shift-Dir - straight line, f/p - ice beast
Aim: an ice beast (heavily wounded, softly glowing)
You shoot a needle of confusion.
The needle of confusion closely misses the ice beast.
The needle of confusion hits the scorpion.
The scorpion appears confused.
The ice beast hits you.
* * * LOW HITPOINT WARNING * * *
The ice beast freezes you!
* * * LOW HITPOINT WARNING * * *
Firing (i - inventory. (,) - cycle):
w - 5 needles of confusion (quivered)
Press: ? - help, Shift-Dir - straight line, f/p - ice beast
Aim: an ice beast (heavily wounded, softly glowing)
You shoot a needle of confusion.
The needle of confusion hits the ice beast.
The ice beast appears confused.
The ice beast is heavily wounded.
The ice beast hits you.
* * * LOW HITPOINT WARNING * * *
The ice beast freezes you.
You die...

.#####.........#)#
.. .........#.##.#
#########.###.##.#
# #..s....#.##)# #
#.###.#.#s##.#
#####.###.#.#.##.#
s.........#s#.##)#
..###.#####s#.##.#
#...<.....##@#
#######.#.##Y#
#.####s# #..s.(s#
########


You could see an ice beast (confused) and 2 scorpions.

Vanquished Creatures
  An ogre (D:4)
  2 phantoms
  A centaur (D:5)
  An orc priest (D:5)
  An orc wizard (D:3)
  A worker ant (D:4)
  2 hound skeletons (D:4)
  10 adders
  A worm (D:1)
  3 dart slugs
  9 leopard geckos
  13 orcs
  6 ball pythons
  11 bats
  2 bat zombies (D:3)
  4 giant cockroaches
  17 goblins
  7 hobgoblins
  15 jackals
  2 quokkas (D:4)
  8 frilled lizards
  11 kobolds
  7 rats
  A rat zombie (D:3)
  4 plants (Sewer)
140 creatures vanquished.

Vanquished Creatures (others)
  A plant (Sewer)
1 creature vanquished.

Grand Total: 141 creatures vanquished

Notes
Turn   | Place    | Note
-------+----------+-------------------------------------------
     0 | D:1      | Amnesiac the Ogre Arcane Marksman began the quest for the Orb.
     0 | D:1      | Reached XP level 1. HP: 19/19 MP: 2/2
   292 | D:1      | Reached XP level 2. HP: 25/27 MP: 0/4
  1115 | D:2      | Found a snail-covered altar of Cheibriados.
  1125 | D:1      | Reached XP level 3. HP: 30/35 MP: 3/5
  2425 | D:1      | Reached XP level 4. HP: 27/44 MP: 2/6
  3137 | D:2      | Found an ornate altar of the Wu Jian Council.
  3241 | D:3      | Reached XP level 5. HP: 53/53 MP: 5/7
  3404 | D:3      | Found a radiant altar of Vehumet.
  3576 | D:3      | Found a glowing drain.
  3607 | Sewer    | Entered a sewer
  4321 | Sewer    | Reached XP level 6. HP: 58/62 MP: 8/8
  4970 | D:3      | Found an ancient bone altar of Kikubaaqudgha.
  5538 | D:4      | Found an iron altar of Okawaru.
  5545 | D:4      | Became a worshipper of Warmaster Okawaru
  5570 | D:4      | Learned a level 3 spell: Confuse
  5574 | D:4      | Learned a level 3 spell: Portal Projectile
  5742 | D:4      | HP: 3/62 [ogre/giant club (28)]
  5764 | D:4      | Reached skill level 5 in Throwing
  6313 | D:4      | Noticed a phantom
  6330 | D:4      | Killed a phantom
  6330 | D:4      | Reached XP level 7. HP: 58/71 MP: 5/10
  6421 | D:4      | Found a shattered altar of Ashenzari.
  6455 | D:5      | Entered Level 5 of the Dungeon
  6476 | D:5      | Noticed a dagger
  6477 | D:5      | Noticed a dagger
  6478 | D:5      | Found a hide-covered altar of Uskayaw.
  6543 | D:5      | Reached skill level 5 in Fighting
  6594 | D:5      | HP: 3/72 [centaur (3)]
  6597 | D:5      | Reached * piety under Okawaru
  6913 | D:5      | HP: 3/72 [ice beast (8)]
  7007 | D:5      | Slain by an ice beast

Vault maps used:
D:1:      dpeg_arrival_boxorama
D:2:      lemuel_round_altar, overflow_temple_1_default
D:3:      lemuel_crystal_altar, lemuel_zombie_altar_kikubaaqudgha,
          gup_sewer_entry_pipe, minivault_26, grunt_ministairs_6,
          minmay_crystal_water
D:4:      kennysheep_mini, okawaru_trees_1, first_bread
D:5:      gammafunk_temple_overflow_statue, dancing_weapons_uskayaw
Sewer:    sewer_co_scattered_pipes

Skill      XL: |  1  2  3  4  5  6  7 |
---------------+----------------------+-----
Dodging        | 2 3 |  3.5
Fighting       | 2 3 4 5 |  5.1
Hexes          | 3 |  3.0
Throwing       | 3 4 5 |  5.8
Spellcasting   | 2 |  2.8

Action                   |  1- 3 |  4- 6 |  7- 9 || total
-------------------------+-------+-------+-------++-------
Melee: Whip              |   132 |    15 |       ||   147
       Dagger            |       |   269 |     5 ||   274
 Fire: Hunting sling     |       |    75 |       ||    75
       Blowgun           |       |     8 |    11 ||    19
Throw: Large rock        |     3 |     8 |     8 ||    19
       Stone             |    24 |    77 |       ||   101
       Throwing net      |       |     3 |       ||     3
       Tomahawk          |       |     3 |       ||     3
 Cast: Corona            |    40 |    37 |    12 ||    89
  Use: Scroll            |       |     5 |       ||     5
       Potion            |       |     1 |     4 ||     5
  Eat: Chunk             |     6 |    13 |     3 ||    22
Armor: Robe              |    84 |    58 |     5 ||   147
Dodge: Dodged            |   130 |   117 |    10 ||   257

Table legend:
 A = Spawn XP
 B = Non-spawn XP
 C = Spawn XP percentage of total XP
 D = Spawn monster count
 E = Non-spawn monster count
 F = Spawn count percentage of total count
 G = Total turns spent on level
                    A         B        C        D         E        F      G
               +---------+---------+-------+---------+---------+-------+---------
         Total |       0 |     993 |   0.0 |       0 |     136 |   0.0 |  7007
               +---------+---------+-------+---------+---------+-------+---------
           D:1 |       0 |      97 |   0.0 |       0 |      33 |   0.0 |  2570
           D:2 |       0 |      67 |   0.0 |       0 |      19 |   0.0 |   648
           D:3 |       0 |     153 |   0.0 |       0 |      45 |   0.0 |  1135
           D:4 |       0 |     328 |   0.0 |       0 |      11 |   0.0 |  1044
           D:5 |       0 |     291 |   0.0 |       0 |       6 |   0.0 |   552
         Sewer |       0 |      57 |   0.0 |       0 |      22 |   0.0 |  1058
               +---------+---------+-------+---------+---------+-------+---------
